 Dungeon Crawl Stone Soup version 0.22-a0-619-ga0c6fd2 (webtiles) character file.

95 twist the Insei (level 4, 0/33 HPs)
             Began as a Merfolk Transmuter on July 14, 2018.
             Succumbed to an adder's poison
             ... on level 3 of the Dungeon.
             The game lasted 00:02:25 (1494 turns).

twist the Insei (Merfolk Transmuter)                Turns: 1494, Time: 00:02:25

Health: 0/33       AC:  3    Str: 10    XL:     4   Next: 66%
Magic:  7/7        EV: 14    Int: 13    God:
Gold:   33         SH:  0    Dex: 14    Spells: 5/8 levels left

rFire    . . .     SeeInvis .     - Unarmed
rCold    . . .     Gourm    .   (no shield)
rNeg     . . .     Faith    .   b - +0 robe
rPois    .         Spirit   .   (no helmet)
rElec    .         Reflect  .   g - +0 cloak
rCorr    .         Harm     .   (no gloves)
MR       .....                  (no boots)
Stlth    +.........             (no amulet)
HPRegen  0.11/turn              (no ring)
MPRegen  0.10/turn              (no ring)

@: lethally poisoned (0 -> -4)
A: change form in water, swift swim, stealthy swim
a: no special abilities


You were on level 3 of the Dungeon.
You were not hungry.

You visited 1 branch of the dungeon, and saw 3 of its levels.

You collected 33 gold pieces.

Inventory:

Missiles
 a - 32 arrows
Armour
 b - a +0 robe (worn)
 g - a +0 cloak (worn)
Potions
 e - a potion of degeneration
Comestibles
 c - 3 chunks of flesh
 d - 2 rations


   Skills:
 + Level 2.3 Fighting
 + Level 3.6 Dodging
 + Level 3.8 Unarmed Combat
 + Level 2.6 Spellcasting
 + Level 3.6 Transmutations


You had 5 spell levels left.
You knew the following spells:

 Your Spells              Type           Power        Failure   Level  Hunger
a - Beastly Appendage     Tmut           ##....       5%          1    #......
b - Sticks to Snakes      Tmut           ##......     8%          2    ###....

Your spell library contained the following spells:

 Spells                   Type           Power        Failure   Level  Hunger
 Spider Form              Tmut/Pois      #.........   34%         3    ###....
 Blade Hands              Tmut           ##........   82%         5    ######.
 Ice Form                 Ice/Tmut       #.......     75%         4    #####..


Dungeon Overview and Level Annotations

Branches:
Dungeon (3/15)

Altars:


Message History

* * * LOW HITPOINT WARNING * * *
You are lethally poisoned!
The adder poisons you! The adder bites you but does no damage.
You barely miss the adder.
The adder is almost dead.
The adder barely misses you.
Unknown command.
You hit the adder.
You kill the adder!
* * * LOW HITPOINT WARNING * * *
You feel sick.
You see here an adder corpse.
Okay, then.
You aren't carrying any scrolls.
There is a lethal amount of poison in your body!
There is a lethal amount of poison in your body!
There is a lethal amount of poison in your body!
* * * LOW HITPOINT WARNING * * *
You feel sick.
You die...

#.###...#.#
#.# #####[#
#.# #.# #.#
#.# #!# ..#
#.# ### #.#
#.# #@# #)#
#†...#
#.#....#
#.#..#.#
#.# .# ..
#.. .# #.#
. #.# ##


There were no monsters in sight!

Vanquished Creatures
  A centaur skeleton (D:3)
  2 adders
  2 dart slugs (D:1)
  2 leopard geckos
  An orc (D:2)
  5 giant cockroaches
  5 goblins
  5 hobgoblins
  2 jackals (D:3)
  A ball python (D:1)
  7 bats
  5 kobolds
  3 rats (D:1)
41 creatures vanquished.

Notes
Turn   | Place    | Note
-------+----------+-------------------------------------------
     0 | D:1      | twist the Merfolk Transmuter began the quest for the Orb.
     0 | D:1      | Reached XP level 1. HP: 15/15 MP: 3/3
   330 | D:1      | Reached XP level 2. HP: 21/21 MP: 5/5
   707 | D:1      | Learned a level 2 spell: Sticks to Snakes
   785 | D:1      | Reached XP level 3. HP: 27/27 MP: 4/6
  1468 | D:3      | Reached XP level 4. HP: 31/33 MP: 7/7
  1492 | D:3      | HP: 1/33 [poisoned by an adder]
  1494 | D:3      | Succumbed to an adder's poison

Vault maps used:
D:1:      minmay_arrival_stair_chambers, minmay_misc_feat_tower,
          palyth_stone_intersect, grunt_decor_mini_mirrors
D:3:      minmay_misc_feat_x, minmay_checkerbox

Skill      XL: |  1  2  3 |
---------------+----------+-----
Dodging        | 3 |  3.6
Transmutations | 3 |  3.6
Fighting       | 2 |  2.3
Unarmed Combat | |  3.8
Spellcasting   | |  2.6

Action                   |  1- 3 |  4- 6 || total
-------------------------+-------+-------++-------
Melee: Unarmed           |   129 |    18 ||   147
       Headbutt          |     9 |     2 ||    11
 Cast: Beastly Appendage |    15 |     1 ||    16
       Sticks to Snakes  |     1 |       ||     1
  Use: Scroll            |     1 |       ||     1
  Eat: Chunk             |     2 |       ||     2
Armor: Robe              |    35 |     3 ||    38
Dodge: Dodged            |   107 |    11 ||   118

Table legend:
 A = Spawn XP
 B = Non-spawn XP
 C = Spawn XP percentage of total XP
 D = Spawn monster count
 E = Non-spawn monster count
 F = Spawn count percentage of total count
 G = Total turns spent on level
                    A         B        C        D         E        F      G
               +---------+---------+-------+---------+---------+-------+---------
         Total |       0 |     137 |   0.0 |       0 |      41 |   0.0 |  1494
               +---------+---------+-------+---------+---------+-------+---------
           D:1 |       0 |      41 |   0.0 |       0 |      23 |   0.0 |  1123
           D:2 |       0 |      26 |   0.0 |       0 |       8 |   0.0 |   206
           D:3 |       0 |      70 |   0.0 |       0 |      10 |   0.0 |   165
               +---------+---------+-------+---------+---------+-------+---------
